[Event "Live Chess"]
[Site "Chess.com"]
[Date "2023.05.21"]
[Round "-"]
[White "ramses-IIG"]
[Black "HadesLearmonth"]
[Result "1-0"]
[WhiteElo "864"]
[BlackElo "1203"]
[TimeControl "300"]
[EndTime "8:59:07 PDT"]
[Termination "ramses-IIG won by checkmate"]

1. e4 e5 2. Nf3 Nc6 3. Bc4 Nd4 4.
d3 Nxf3+ 5. Qxf3 Nf6 6. O-O Be7 7. Bg5 d5 8. exd5 Nxd5 9. Bxe7 Nxe7 10. Qxf7+ Kd7 11.
Qxg7 c5 12. Qxe5 Ng6 13. Qxc5 b6 14. Qd5+ Kc7 15. Qxd8+ Rxd8 16. Nc3 Ne5 17. Bd5 Bb7 18. Bxb7 Kxb7 19. Rfe1 Ng4 20. Re7+ Ka6 21. Rxh7 Re8 22. f3 Nf6 23. Rf7 Nh5 24. Nd5 Rad8 25. Nc7+ Ka5 26. Nxe8 Rxe8 27. Rxa7+ Kb5 28. Kf2 Nf6 29. a4+ Kc5 30.
c3 Nd5 31. b4+ Kd6 32. Rh7 Nxc3 33. Rc1 Re2+ 34. Kg3 Nxa4 35. Rh6+ Kd5 36. h4 b5 37. Rh5+ Kd4 38. Rd1 Nc3 39. Ra1 Kxd3 40. f4 Re3+ 41.
Kg4 Re2 42. g3 Kc4 43. f5 Ne4 44. Kf3 Rd2 45. Kxe4 Rd4+ 46. Ke5 Kxb4 47. f6 Rd8 48. f7 Kc4 49. Ke6 b4 50. Ke7 Rb8 51. f8=Q Rxf8 52. Kxf8 b3 53. Rb1 Kc3 54. Rf5 Kc2 55.
Rff1 b2 56. h5 Kb3 57. h6 Ka2 58. h7 Kb3 59. h8=Q Ka2 60. g4 Ka3 61. g5 Ka4 62. g6 Ka5 63. g7 Kb5 64. g8=Q Kc6 65. Qh6+ Kd7 66. Qd5+ Kc7 67. Qhc6+ Kb8 68. Rxb2+ Ka7 69. Rf7# 1-0

[Event "Live Chess"]
[Site "Chess.com"]
[Date "2023.05.21"]
[Round "-"]
[White "Olisingapore"]
[Black "GEMdzq"]
[Result "0-1"]
[WhiteElo "1810"]
[BlackElo "2222"]
[TimeControl "300"]
[EndTime "8:59:08 PDT"]
[Termination "GEMdzq won by resignation"]

1. d4 Nf6 2. c4 e6 3. g3 c5 4. Bg2 cxd4 5. Qxd4 Nc6 6. Qd1 Bb4+ 7. Nd2 O-O 8. Nf3 d5 9. O-O d4 10. a3 Bd6 11. Nb3 e5 12. Bg5 h6 13. Bxf6 Qxf6 14. c5 Bc7 15. Nfd2 Be6 16. Ne4 Qe7 17. e3 Rad8 18.
exd4 Nxd4 19. Nxd4 Rxd4 20. Qc2 f5 21. Nd6 Bxd6 22.
cxd6 Rxd6 23. Rfd1 Rfd8 24. Rxd6 Rxd6 25. Rd1 e4 26. Rxd6 Qxd6 27. b4 Qd4 28. Qc5 Qxc5 29. bxc5 Kf8 30. f3 Bd5 31. Kf1 exf3 32. Bh1 Ke7 33.
Kf2 Ke6 34. Bxf3 Bxf3 35. Kxf3 Kd5 36. Ke3 Kxc5 37. Kd3 b5 38. Kc3 a5 39. Kb3 Kd4 40.
Kc2 Kc4 41. Kb2 g5 42. Kc2 f4 43. g4 f3 0-1

[Event "Live Chess"]
[Site "Chess.com"]
[Date "2023.05.21"]
[Round "-"]
[White "ChessClubLive"]
[Black "Bob2pen"]
[Result "1/2-1/2"]
[WhiteElo "1640"]
[BlackElo "1872"]
[TimeControl "300"]
[EndTime "8:59:14 PDT"]
[Termination "Game drawn by repetition"]

1. e4 e6 2. d4 d5 3. e5 c5 4. c3 Nc6 5. Nf3 Qb6 6. Bd3 Bd7 7. O-O cxd4 8. cxd4 Nxd4 9. Nc3 a6 10. Nxd4 Qxd4 11. Re1 h5 12. Be3 Qg4 13. Be2 Qh4 14.
g3 Qh3 15. Bf1 Qg4 16. f3 Qf5 17. Bd3 Qh3 18. Bf1 Qf5 19. Bd3 Qh3 20. Bf1 Qf5 1/2-1/2

[Event "Live Chess"]
[Site "Chess.com"]
[Date "2023.05.21"]
[Round "-"]
[White "LL220284LL"]
[Black "TheSmoulderingMaster"]
[Result "1-0"]
[WhiteElo "2227"]
[BlackElo "1683"]
[TimeControl "300"]
[EndTime "8:59:16 PDT"]
[Termination "LL220284LL won by resignation"]

1. e3 d5 2. c4 dxc4 3. Bxc4 Nc6 4. Nf3 Nf6 5. d4 Bg4 6. O-O e6 7. h3 Bh5 8. Nc3 Bg6 9. Re1 Bd6 10. e4 Be7 11. e5 Nd5 12. a3 O-O 13. Bd3 Nxc3 14. bxc3 Bxd3 15. Qxd3 Qd5 16. Rb1 b6 17. Rb5 Qa2 18.
Re2 Qa1 19. Qc2 Bxa3 20. Rb1 Nxd4 21. Nxd4 Rad8 22. Rxa1 1-0

[Event "Live Chess"]
[Site "Chess.com"]
[Date "2023.05.21"]
[Round "-"]
[White "whitedjohn"]
[Black "EdenHazard8"]
[Result "0-1"]
[WhiteElo "1673"]
[BlackElo "1942"]
[TimeControl "300"]
[EndTime "8:59:18 PDT"]
[Termination "EdenHazard8 won by resignation"]

1. e4 c6 2. d4 d5 3. exd5 cxd5 4. Bd3 Nc6 5. c3 Qc7 6. Nf3 Bg4 7. O-O e6 8. Bg5 Bd6 9. h3 Bh5 10. Nbd2 Nge7 11. Qe2 O-O-O 12. Bxe7 Nxe7 13. Qe3 h6 14. Rfe1 g5 15. Ne5 Bxe5 16. Qxe5 Qxe5 17. Rxe5 Ng6 18.
Bxg6 Bxg6 19. Rae1 Rd6 20. g4 Kb8 21. Kg2 Ra6 22.
a3 Rb6 23. b4 Rc8 24. R5e3 Rbc6 25. Rc1 Ra6 26. c4 dxc4 27. Rxc4 Rxc4 28. Nxc4 f6 29. b5 Ra4 30. Rc3 Be4+ 31. f3 Bd5 32. Ne3 Rxd4 33. Nxd5 Rxd5 34. a4 Rd4 35. Ra3 b6 36.
Kf2 Kc7 37. Ke3 e5 38. a5 Kd6 39. axb6 axb6 40. Ra7 Kc5 41. Rf7 Rd6 42. Ke4 Kxb5 43. Kf5 Kc4 44. Rxf6 Rxf6+ 45. Kxf6 b5 46. Kxe5 b4 0-1

[Event "Live Chess"]
[Site "Chess.com"]
[Date "2023.05.21"]
[Round "-"]
[White "Doge_Dandolo"]
[Black "ranvir123"]
[Result "1-0"]
[WhiteElo "1867"]
[BlackElo "985"]
[TimeControl "300"]
[EndTime "8:59:20 PDT"]
[Termination "Doge_Dandolo won by resignation"]

1. Nf3 e5 2. Nxe5 Nf6 3. d4 Qe7 4. Bf4 Qb4+ 5. Nd2 Ne4 6. c3 Qxb2 7. Nxe4 f5 8. Nd2 Qxc3 9. e3 Bb4 10. Be2 d6 11.
Nf3 Qxa1 1-0

[Event "Live Chess"]
[Site "Chess.com"]
[Date "2023.05.21"]
[Round "-"]
[White "Alfiedog12"]
[Black "BillythekidFellowes"]
[Result "0-1"]
[WhiteElo "867"]
[BlackElo "2120"]
[TimeControl "300"]
[EndTime "8:59:49 PDT"]
[Termination "BillythekidFellowes won by resignation"]

1. d4 e6 2. Bf4 c5 3. Nf3 cxd4 4. Nxd4 Qb6 5. Nc3 Bc5 6. e3 Qxb2 7. Rb1 Qxc3+ 8. Qd2 Bxd4 9. Qxc3 Bxc3+ 10. Kd1 Nc6 11.
Bc4 d5 12. Bb5 Nf6 13. Bxc6+ bxc6 14. Bg5 Ne4 15. Bf4 Ba6 16. Rb8+ Rxb8 17. Bxb8 Nxf2+ 0-1

[Event "Live Chess"]
[Site "Chess.com"]
[Date "2023.05.21"]
[Round "-"]
[White "boilerboy1"]
[Black "profpirate4"]
[Result "0-1"]
[WhiteElo "1051"]
[BlackElo "1342"]
[TimeControl "300"]
[EndTime "8:59:50 PDT"]
[Termination "profpirate4 won on time"]

1. e4 c5 2. c4 d6 3. d3 Nc6 4.
Nf3 g6 5. Nc3 Bg7 6. Bd2 e6 7. Be2 Nge7 8. O-O a6 9. Re1 O-O 10.
Rb1 b5 11. cxb5 axb5 12. Nxb5 Rb8 13. a4 Ba6 14. Nc3 Nb4 15. Bg5 Qc7 16. Bh4 Nec6 17.
Bg3 Qd7 18. Nb5 Bxb5 19. axb5 Rxb5 20. d4 cxd4 21. Bxb5 Qb7 22. Ba4 Ne5 23. Nxe5 dxe5 24. b3 Qa6 25. Qd2 Nd3 26. Rf1 Nc5 27. Qb4 Nxe4 28.
Bh4 Qa7 29. Be7 Rb8 30. Qa3 Nd2 31. Bc5 Qa6 32. Bd6 Nxb1 33. Rxb1 Qd3 34. Rf1 Rd8 35. Be7 Rd5 36. Bc6 h5 0-1

[Event "Live Chess"]
[Site "Chess.com"]
[Date "2023.05.21"]
[Round "-"]
[White "Grookey2012"]
[Black "Misha145Chess"]
[Result "0-1"]
[WhiteElo "568"]
[BlackElo "627"]
[TimeControl "300"]
[EndTime "8:59:50 PDT"]
[Termination "Misha145Chess won by resignation"]

1. e4 e5 2. Nf3 Nc6 3. Bc4 h6 4. d3 Nf6 5. Nc3 Bc5 6. d4 exd4 7. O-O dxc3 8. Qe2 cxb2 9. Bxb2 O-O 10. Nh4 d6 11. e5 Nxe5 12. Bxe5 dxe5 13. Qxe5 Bd4 14. Qg3 Bxa1 15. Nf5 Bxf5 16. Bxf7+ Rxf7 17. Qb3 Be5 18. Qxb7 Qd6 19. Qxa8+ Kh7 20. f4 Bxf4 21. Rf3 Bxh2+ 22. Kh1 Be4 0-1

[Event "Live Chess"]
[Site "Chess.com"]
[Date "2023.05.21"]
[Round "-"]
[White "alanmike75"]
[Black "JanMur7"]
[Result "0-1"]
[WhiteElo "1598"]
[BlackElo "1954"]
[TimeControl "300"]
[EndTime "8:59:53 PDT"]
[Termination "JanMur7 won by resignation"]

1. e4 e5 2. Nf3 Nc6 3. Bb5 Nf6 4.
d3 Ne7 5. Nxe5 c6 6. Nxf7 Kxf7 7. Bc4+ d5 8. exd5 cxd5 9. Bb3 Bg4 10. f3 Bh5 11. O-O Nc6 12. Nc3 Bc5+ 13. Kh1 Re8 14. Bg5 Re5 15. f4 Bxd1 0-1

[Event "Live Chess"]
[Site "Chess.com"]
[Date "2023.05.21"]
[Round "-"]
[White "LiamClery2020"]
[Black "domrobson"]
[Result "1-0"]
[WhiteElo "1998"]
[BlackElo "1801"]
[TimeControl "300"]
[EndTime "8:59:53 PDT"]
[Termination "LiamClery2020 won by resignation"]

1. e4 e5 2. Nc3 Nf6 3. f4 Nc6 4.
fxe5 Ng4 5. Qxg4 Qh4+ 6. Qxh4 f6 7. exf6 gxf6 8. Qxf6 Bh6 9. Qxh8+ Kf7 10. Qxh7+ Kf6 11.
Qxh6+ 1-0

[Event "Live Chess"]
[Site "Chess.com"]
[Date "2023.05.21"]
[Round "-"]
[White "HoarseyHorsey"]
[Black "Bot_Boy"]
[Result "1-0"]
[WhiteElo "1468"]
[BlackElo "332"]
[TimeControl "300"]
[EndTime "8:59:54 PDT"]
[Termination "HoarseyHorsey won on time"]

1. d4 b5 2. e4 a6 3. Nf3 Bb7 4.
Bd3 d5 5. e5 Nc6 6. c3 e6 7. O-O a5 8. Bf4 Ba6 9. Nbd2 b4 10.
Bxa6 Rxa6 11. Rc1 a4 12. cxb4 Nxb4 13. b3 Nd3 14. Nb1 Nxf4 15. bxa4 Bb4 16. Nc3 Bxc3 17. Rxc3 c6 18. Kh1 Ne7 19. Qd2 Nfg6 20. Rfc1 O-O 21.
Qc2 Qc8 22. Rc5 Rd8 23. Nd2 Rd7 24. Nb3 Rxa4 25. Na5 Ra3 26. Nxc6 Nxc6 27. Rxc6 Qe8 28. Rc8 Rd8 29. Qc5 Rxc8 30. Qxc8 1-0

[Event "Live Chess"]
[Site "Chess.com"]
[Date "2023.05.21"]
[Round "-"]
[White "Cimon"]
[Black "lateforthesky"]
[Result "0-1"]
[WhiteElo "1844"]
[BlackElo "2077"]
[TimeControl "300"]
[EndTime "8:59:59 PDT"]
[Termination "lateforthesky won on time"]

1. Nf3 g6 2. d4 Bg7 3. h4 Nf6 4. Nc3 d6 5. e4 h5 6. Ng5 O-O 7. f3 c5 8. Be3 cxd4 9. Bxd4 Nc6 10. Be3 a6 11. Qd2 b5 12. O-O-O Qa5 13. Kb1 Bd7 14.
Nd5 Qxd2 15. Rxd2 Nxd5 16. exd5 Ne5 17. b3 Rfc8 18. Be2 a5 19. f4 Ng4 20. Bxg4 Bxg4 21. Bd4 Bxd4 22. Rxd4 Bf5 23. Rc1 a4 24. Kb2 axb3 25.
axb3 Rc5 26. Ne4 Rc7 27. Ng3 Bg4 28. Re1 Kf8 29. Rb4 Rac8 30. Rxb5 Rxc2+ 31. Ka3 Rxg2 32. Ne4 Bf5 33. Ng5 Rg4 34. Rb7 Ra8+ 35. Kb2 Re8 36. b4 Rxf4 37. b5 Bd3 38. b6 Ba6 39. Rc7 Rb4+ 40.
Kc3 Rxb6 41. Re3 Rb7 42. Rxb7 Bxb7 43. Kd4 Ra8 44. Rf3 Ra4+ 45. Kc3 Ra3+ 46. Kd4 Rxf3 47.
Nxf3 e5+ 48. Kc4 f6 49. Ne1 g5 50. Ng2 g4 51. Ne3 Bc8 52. Kd3 f5 53. Ke2 f4 54.
Nf1 Kf7 55. Kd3 Kf6 56. Kc4 Bf5 57. Kb5 g3 58. Nd2 g2 59. Nf3 Be4 60. Ng1 f3 61. Kc6 f2 62. Ne2 f1=Q 63. Kxd6 Qxe2 64. Kd7 Bxd5 65.
Kc7 Qd3 66. Kb6 Qc4 67. Ka5 Qxh4 68. Kb6 Qc4 69. Ka7 Qc6 70. Kb8 Bc4 71. Ka7 Qc7+ 0-1

[Event "Live Chess"]
[Site "Chess.com"]
[Date "2023.05.21"]
[Round "-"]
[White "Ninifu"]
[Black "MartinWalker4"]
[Result "1/2-1/2"]
[WhiteElo "2025"]
[BlackElo "2092"]
[TimeControl "300"]
[EndTime "9:00:01 PDT"]
[Termination "Game drawn by agreement"]

1. d4 Nf6 2. c4 g6 3. Nc3 d5 4.
Nf3 Bg7 5. cxd5 Nxd5 6. e4 Nxc3 7.
bxc3 O-O 8. Be2 c5 9. Rb1 cxd4 10. cxd4 Qa5+ 11. Qd2 Qxd2+ 12. Bxd2 Nc6 13. Be3 Bg4 14.
d5 Bxf3 15. Bxf3 Ne5 16. Be2 b6 17. Kd2 e6 18. f4 Nd7 19. dxe6 fxe6 20. e5 Rac8 21. Rhc1 Rfd8 22. Rxc8 Rxc8 23. Rc1 Rxc1 24. Kxc1 Kf7 25. Kc2 Ke7 26. Kd3 Kd8 27. Ke4 g5 28. g3 gxf4 29. gxf4 Ke7 30. Bd4 Nc5+ 31. Bxc5+ bxc5 32. Bc4 Kd7 33. h4 Ke7 34. h5 Bh6 35. Bb5 Kf7 1/2-1/2

[Event "Live Chess"]
[Site "Chess.com"]
[Date "2023.05.21"]
[Round "-"]
[White "ConorMaclaud"]
[Black "zdanevych"]
[Result "1-0"]
[WhiteElo "2105"]
[BlackElo "1459"]
[TimeControl "300"]
[EndTime "9:00:01 PDT"]
[Termination "ConorMaclaud won by resignation"]

1. Nf3 d5 2. e4 dxe4 3. Ng5 Nf6 4. Nc3 h6 5. Ngxe4 Nxe4 6. Nxe4 Bf5 7. Ng3 Bg6 8. Bc4 e6 9. d3 Bd6 10. O-O O-O 11.
Qg4 Nc6 12. Bxe6 fxe6 13. Qxg6 Ne5 14. Qe4 c6 15. f4 Ng4 16. Qxe6+ Kh8 17. Qxg4 1-0

[Event "Live Chess"]
[Site "Chess.com"]
[Date "2023.05.21"]
[Round "-"]
[White "TheSmoulderingMaster"]
[Black "ramses-IIG"]
[Result "1-0"]
[WhiteElo "1683"]
[BlackElo "864"]
[TimeControl "300"]
[EndTime "9:00:02 PDT"]
[Termination "TheSmoulderingMaster won by resignation"]

1. e4 d5 2. exd5 Qxd5 3. Nc3 Qe6+ 4. Be2 Qg6 5. Nf3 Qxg2 6. Rg1 Qh3 7. d4 c6 8. Bc4 Qd7 9. Bxf7+ Kxf7 10. Ne5+ Ke6 11.
Qg4+ Kd6 12. Ne4+ 1-0

[Event "Live Chess"]
[Site "Chess.com"]
[Date "2023.05.21"]
[Round "-"]
[White "Mugzwang"]
[Black "tpm07"]
[Result "0-1"]
[WhiteElo "1437"]
[BlackElo "1960"]
[TimeControl "300"]
[EndTime "9:00:03 PDT"]
[Termination "tpm07 won on time"]

1. Nf3 d5 2. c4 d4 3. e3 Nc6 4. exd4 Nxd4 5. Nxd4 Qxd4 6. Be2 e5 7.
O-O Bd6 8. Nc3 Bd7 9. Bf3 c6 10. Ne4 Bc7 11. Qc2 f5 12. Nc3 Nf6 13. d3 Qh4 14. g3 Qh3 15. Bg2 Qh5 16. Qe2 Qxe2 17. Nxe2 O-O 18. f4 Rae8 19. fxe5 Bxe5 20. d4 Bc7 21.
Nf4 Ne4 22. b3 Nc3 23. Bb2 Bxf4 24. gxf4 Re3 25. Rf3 Ne2+ 26. Kf2 Rxf3+ 27. Kxf3 Re8 28. Bf1 Ng1+ 29. Kf2 c5 30. Kxg1 cxd4 31. Re1 Rxe1 32. Bxd4 a6 33. Bc5 Bc6 34. Kf2 Ra1 0-1

[Event "Live Chess"]
[Site "Chess.com"]
[Date "2023.05.21"]
[Round "-"]
[White "Ian-Morley"]
[Black "OleksiyJr1"]
[Result "1/2-1/2"]
[WhiteElo "1120"]
[BlackElo "1027"]
[TimeControl "300"]
[EndTime "9:00:04 PDT"]
[Termination "Game drawn by agreement"]

1. e4 c5 2. Nf3 Nc6 3. Bb5 d6 4. Bxc6+ bxc6 5. O-O e5 6. Re1 Nf6 7. c3 Bg4 8. d4 cxd4 9. cxd4 Be7 10. dxe5 dxe5 11.
Qxd8+ Rxd8 12. Nc3 Bxf3 13. gxf3 O-O 14. Rd1 Rxd1+ 15.
Nxd1 Bc5 16. Be3 Bxe3 17. fxe3 Nd7 18. Nc3 f6 19. Rd1 Rd8 20. a3 Kf7 21. b4 Ke7 22. a4 Nb6 23. b5 cxb5 24. Rxd8 Kxd8 25. axb5 Nc4 26. Kf2 Kc7 27. Nd5+ Kd6 28. Nc3 Kc5 29.
b6 Nxb6 1/2-1/2

[Event "Live Chess"]
[Site "Chess.com"]
[Date "2023.05.21"]
[Round "-"]
[White "wot-not"]
[Black "MarkLim1"]
[Result "0-1"]
[WhiteElo "1535"]
[BlackElo "1721"]
[TimeControl "300"]
[EndTime "9:00:07 PDT"]
[Termination "MarkLim1 won by resignation"]

1. e4 c6 2. f4 d5 3. e5 h5 4. Nf3 Bg4 5. d4 e6 6. Bd3 Nh6 7. O-O Nd7 8. c3 c5 9. Nbd2 cxd4 10. cxd4 Qb6 11. Nb3 g6 12. h3 Bxf3 13. Qxf3 Nf5 14.
Bxf5 gxf5 15. Be3 O-O-O 16. Rfc1+ Kb8 17. Nc5 Nxc5 18. dxc5 Qc6 19. b4 Be7 20. a4 d4 21.
Qxc6 bxc6 22. Bf2 d3 23. b5 cxb5 24. axb5 Rd5 25. b6 axb6 26. cxb6 d2 27. Rd1 Rc8 28. Kf1 Rc2 29. Ke2 Bb4 30. Ra7 Rc4 31. Rxf7 Rxf4 32. Re7 Re4+ 33. Be3 f4 34. Kf3 Rxe3+ 35. Kxf4 Bxe7 0-1

[Event "Live Chess"]
[Site "Chess.com"]
[Date "2023.05.21"]
[Round "-"]
[White "friarnator"]
[Black "Pablo_dmp"]
[Result "1-0"]
[WhiteElo "2039"]
[BlackElo "1826"]
[TimeControl "300"]
[EndTime "9:00:19 PDT"]
[Termination "friarnator won by resignation"]

1. e4 c6 2. d4 d5 3. Nc3 dxe4 4. Nxe4 Nf6 5. Nxf6+ exf6 6. c3 Bd6 7. Bd3 O-O 8. Ne2 Re8 9. Qc2 h5 10. O-O h4 11. h3 Nd7 12. Bd2 Nf8 13. Rae1 Be6 14.
f4 Qd7 15. f5 Bd5 16. c4 Bc7 17. cxd5 Qxd5 18. Bc4 Qd6 19. Bf4 Qd7 20. Bxc7 Qxc7 21. Nc3 Nh7 22. d5 cxd5 23. Bxd5 g5 24. fxg6 Ng5 25.
gxf7+ Nxf7 26. Qg6+ 1-0

[Event "Live Chess"]
[Site "Chess.com"]
[Date "2023.05.21"]
[Round "-"]
[White "Man-Del-Brot"]
[Black "raminguy"]
[Result "0-1"]
[WhiteElo "1095"]
[BlackElo "1931"]
[TimeControl "300"]
[EndTime "9:00:22 PDT"]
[Termination "raminguy won on time"]

1. e4 e5 2. Bc4 Nc6 3. d3 Nf6 4.
Nf3 Na5 5. Bxf7+ Kxf7 6. Ng5+ Kg8 7. O-O h6 8. Nf3 Nc6 9. Nc3 d6 10. Nd5 Nxd5 11. exd5 Ne7 12. c4 Bg4 13. b3 c6 14.
Bb2 cxd5 15. cxd5 Nxd5 16. h3 Bh5 17. g4 Bg6 18. Rc1 Nf4 19. Kh2 Nxd3 20. Rc2 Nf4 21. Rd2 Qe7 22. Ba3 Rd8 23. Re1 Qf6 24. Bb2 Re8 25.
Ba3 h5 26. g5 Qf5 27. Ng1 Qxg5 28. Qf3 h4 29. Qg4 Nxh3 30. Qxg5 Nxg5 31. f4 Ne4 0-1

[Event "Live Chess"]
[Site "Chess.com"]
[Date "2023.05.21"]
[Round "-"]
[White "Missedidea"]
[Black "manthanit"]
[Result "1/2-1/2"]
[WhiteElo "1773"]
[BlackElo "1120"]
[TimeControl "300"]
[EndTime "9:00:33 PDT"]
[Termination "Game drawn by repetition"]

1. d4 e6 2. c4 d5 3. Nc3 c5 4. Nf3 Nf6 5. cxd5 Nxd5 6. e4 Nxc3 7. bxc3 cxd4 8. cxd4 Bb4+ 9. Bd2 Qb6 10. Bd3 Bxd2+ 11. Qxd2 O-O 12. O-O Qd8 13. Rfd1 b6 14. Qe2 a5 15. d5 exd5 16. exd5 Ba6 17. Bxa6 Nxa6 18. d6 Nc5 19. Rab1 Ra7 20. Qb5 Ne4 21. Rbc1 Re8 22.
Qc6 Nc5 23. h4 Re6 24. Ng5 Rf6 25. Rb1 h6 26. Nf3 Ne4 27. Qxe4 Rxd6 28. Rxd6 Qxd6 29.
Qe8+ Kh7 30. Qe3 Rb7 31. Qe4+ Qg6 32. Qxb7 Qxb1+ 33. Kh2 Qxa2 34. Qxb6 a4 35. Qb4 Qb3 36. Qe4+ g6 37. h5 Qb8+ 38. Kg1 a3 39. hxg6+ fxg6 40. Qe7+ Kg8 41. Ne5 Qf8 42. Qe6+ Kh7 43. Nxg6 Qg7 44.
Nh4 Qa1+ 45. Kh2 a2 46. Qg6+ Kh8 47. Qxh6+ Kg8 48. Qg6+ Qg7 49. Qe6+ Qf7 50. Qc8+ Qf8 51. Qc4+ Qf7 52. Qg4+ Qg7 53. Qc4+ Qf7 54. Qc8+ Qf8 55. Qc4+ Qf7 1/2-1/2

[Event "Live Chess"]
[Site "Chess.com"]
[Date "2023.05.21"]
[Round "-"]
[White "WelshTiger"]
[Black "LiamBellwood"]
[Result "1-0"]
[WhiteElo "2323"]
[BlackElo "1925"]
[TimeControl "300"]
[EndTime "9:00:38 PDT"]
[Termination "WelshTiger won on time"]

1. e4 e6 2. Nf3 d5 3. e5 c5 4.
b4 c4 5. a3 a5 6. bxa5 Nc6 7. d4 Qxa5+ 8. Bd2 Bb4 9. Be2 Nh6 10. O-O Bxd2 11. Nbxd2 Nf5 12. Nb1 Bd7 13. g4 Nh6 14. h3 O-O 15. Nbd2 Qc3 16. Rb1 Ra7 17.
Kg2 Nxd4 18. Ne4 Qxc2 19. Qxd4 dxe4 20. Nd2 Bc6 21. Kg1 Raa8 22. Rfc1 Qa4 23. Nxc4 Rfd8 24. Qc5 Bd5 25. Rb4 Qa7 26. Nb6 Rab8 27. a4 Bc6 28. a5 g6 29. Rd1 Rxd1+ 30. Bxd1 Rd8 31. Rd4 Rxd4 32. Qxd4 Bd5 33. Qc5 Qa6 34. Qc8+ Kg7 35. Nd7 1-0

[Event "Live Chess"]
[Site "Chess.com"]
[Date "2023.05.21"]
[Round "-"]
[White "educatedlad"]
[Black "VicLemon"]
[Result "0-1"]
[WhiteElo "1607"]
[BlackElo "1479"]
[TimeControl "300"]
[EndTime "9:00:45 PDT"]
[Termination "VicLemon won by checkmate"]

1. c3 e5 2. Qb3 Bc5 3. Nf3 d6 4. d4 exd4 5. cxd4 Bb6 6. e4 Nf6 7. Bc4 O-O 8. O-O Nc6 9. Ng5 Nxd4 10. Bxf7+ Kh8 11. Qc4 Qe7 12. Nc3 h6 13. Nd5 Nxd5 14.
Qxd5 hxg5 15. Be3 Ne2+ 16. Kh1 Qxf7 17. Qxg5 Bxe3 18. Qxe3 Nf4 19. h3 Qg6 20. Rac1 Qxg2# 0-1

[Event "Live Chess"]
[Site "Chess.com"]
[Date "2023.05.21"]
[Round "-"]
[White "PaulHumphreys"]
[Black "Duke_of_Bebington"]
[Result "1-0"]
[WhiteElo "1358"]
[BlackElo "1547"]
[TimeControl "300"]
[EndTime "9:00:45 PDT"]
[Termination "PaulHumphreys won by resignation"]

1. d4 d5 2. Nc3 c6 3. Bf4 Bf5 4. e3 Nf6 5. Nf3 Nbd7 6. Ne5 e6 7. Be2 Be7 8. g4 Be4 9. f3 Bg6 10. h4 h5 11. Nxg6 fxg6 12. g5 Nh7 13. Bd3 O-O 14. Bxg6 c5 15. Qd3 c4 16. Bxh7+ Kh8 17. Qg6 Rxf4 18. exf4 Nf8 19. Qxh5 Nxh7 20. g6 Bxh4+ 21. Rxh4 Kg8 22. Qxh7+ Kf8 23. Qh8+ Ke7 24. Qxg7+ Kd6 25. Qe5+ Kc6 26. a4 Qxh4+ 27. Kd2 Qh2+ 28. Ke3 Re8 29. Nxd5 Qxc2 30. Nb4+ 1-0

[Event "Live Chess"]
[Site "Chess.com"]
[Date "2023.05.21"]
[Round "-"]
[White "slava_ukr"]
[Black "robotking06"]
[Result "1-0"]
[WhiteElo "2347"]
[BlackElo "351"]
[TimeControl "300"]
[EndTime "9:00:49 PDT"]
[Termination "slava_ukr won by checkmate"]

1. e4 e5 2. Nf3 Nc6 3. Bc4 Bc5 4. b4 Bd4 5. c3 Bb6 6. a4 d6 7. a5 Bxa5 8. bxa5 Nxa5 9. Rxa5 b6 10. Bb5+ Qd7 11. Bxd7+ Bxd7 12. Ra1 Bg4 13. h3 Nf6 14. hxg4 Kd8 15. Ng5 Ke8 16. Qa4+ Ke7 17. Qb3 d5 18.
exd5 c5 19. d6+ Kxd6 20. Nxf7+ Kc6 21. Nxh8 b5 22. Qe6+ Kc7 23. Ra6 Rxh8 24. Rxa7+ Kd8 25. Qe7+ Kc8 26. Qc7# 1-0

[Event "Live Chess"]
[Site "Chess.com"]
[Date "2023.05.21"]
[Round "-"]
[White "alanmike75"]
[Black "domrobson"]
[Result "1-0"]
[WhiteElo "1610"]
[BlackElo "1789"]
[TimeControl "300"]
[EndTime "9:00:54 PDT"]
[Termination "alanmike75 won by resignation"]

1. e4 e5 2. Nf3 Nc6 3. d4 Nf6 4. d5 Ne7 5. Bd3 d6 6. c4 Bg4 7. Nc3 c5 8. h3 b6 9. hxg4 Nxg4 10. Ng5 Nf6 11. f4 h6 12. Nh3 1-0

[Event "Live Chess"]
[Site "Chess.com"]
[Date "2023.05.21"]
[Round "-"]
[White "yeetpizza74"]
[Black "CeladonFish"]
[Result "1-0"]
[WhiteElo "513"]
[BlackElo "1121"]
[TimeControl "300"]
[EndTime "9:00:56 PDT"]
[Termination "yeetpizza74 won by checkmate"]

1. e4 d6 2. d4 Nf6 3. e5 dxe5 4.
dxe5 Qxd1+ 5. Kxd1 Nfd7 6. Nf3 g6 7. Bb5 Bg7 8. Nc3 c6 9. Bc4 O-O 10. e6 Nb6 11. exf7+ Kh8 12. Ne5 Bxe5 13. Bb3 Bf5 14. Bh6 Rxf7 15. Bxf7 Na4 16. Kc1 Na6 17. Nxa4 b5 18.
Nc3 Rd8 19. Rd1 Rxd1+ 20. Kxd1 Nb4 21. Ne2 Nxc2 22. Rc1 Bxb2 23. Rb1 Ne3+ 24. Kd2 Bxb1 25. Kxe3 Bg7 26. Bxg7+ Kxg7 27. Bb3 Kf6 28. Nc3 Bf5 29. Kd2 e6 30. Bc2 Bxc2 31. Kxc2 Ke5 32. Kb3 a5 33. a4 b4 34. Kc4 Kd6 35. Ne4+ Ke5 36. Nc5 Kf4 37. Nxe6+ Ke5 38. Ng5 h5 39. Nf3+ Ke4 40. Nd4 g5 41. Nxc6 g4 42. Nxa5 b3 43. Kxb3 Kd5 44. Nc4 Kd4 45. a5 Kd3 46. a6 Ke2 47. f4 gxf3 48. gxf3 Kxf3 49. a7 Kg2 50. a8=Q+ Kh3 51. Qf3+ Kh4 52. Qg3# 1-0

[Event "Live Chess"]
[Site "Chess.com"]
[Date "2023.05.21"]
[Round "-"]
[White "Conradical12"]
[Black "Rusty_Bridges"]
[Result "0-1"]
[WhiteElo "1508"]
[BlackElo "1538"]
[TimeControl "300"]
[EndTime "9:01:08 PDT"]
[Termination "Rusty_Bridges won by resignation"]

1. e4 d6 2. Nf3 Nf6 3. Nc3 Nbd7 4.
Bc4 h6 5. O-O e5 6. d3 Be7 7. Be3 g5 8. Qd2 Nf8 9. Rae1 Ng6 10. d4 c6 11. dxe5 Nxe5 12. Nxe5 dxe5 13. Qxd8+ Bxd8 14. Bc5 Be7 15. Bxe7 Kxe7 16. Rd1 Be6 17. Bxe6 Kxe6 18. b4 Rhd8 19. b5 c5 20. b6 axb6 21.
Nb5 Rac8 22. Rxd8 Rxd8 23. Nc7+ Ke7 24. g3 Nxe4 25. f4 Rd7 26. Nb5 Nd2 27. Rf2 e4 28. fxg5 hxg5 29. Re2 f5 30. Kf2 Nf3 31. g4 Rd2 32.
Rxd2 Nxd2 33. gxf5 Kf6 34. Nd6 Nf3 35. h3 Nd4 36.
Nxe4+ Kxf5 37. Nd6+ Kf4 38. c3 Ke5 39. Nxb7 Nb5 40.
c4 Na3 41. Nd8 Nxc4 42. Nf7+ Kf5 43. a4 Nb2 44. Ke3 Nxa4 45. Kd3 b5 46. Nd6+ Kf4 47. Nxb5 Kg3 48. Nc3 Nxc3 49. Kxc3 Kxh3 50. Kc4 g4 51. Kxc5 g3 52. Kd4 g2 53. Ke3 g1=Q+ 0-1

[Event "Live Chess"]
[Site "Chess.com"]
[Date "2023.05.21"]
[Round "-"]
[White "Dhaydon19"]
[Black "KeithArkell"]
[Result "1/2-1/2"]
[WhiteElo "2687"]
[BlackElo "2466"]
[TimeControl "300"]
[EndTime "9:01:20 PDT"]
[Termination "Game drawn by repetition"]

1. d4 e6 2. Nf3 Nf6 3. g3 b5 4.
Bg2 Bb7 5. O-O c5 6. c3 Be7 7. Nbd2 O-O 8. Qc2 d5 9. dxc5 Bxc5 10. Ne5 Nbd7 11. Nxd7 Qxd7 12. e4 dxe4 13. Nxe4 Nxe4 14. Bxe4 Bxe4 15. Qxe4 Rfd8 16. Re1 Qd5 17. Qe2 a6 18. Be3 Bxe3 19. Qxe3 Qd2 20. Qe2 Qxe2 21. Rxe2 g5 22. Rc1 Rd7 23. Rec2 Rad8 24. Kg2 g4 25. Kf1 Kg7 26. Ke2 h5 27. b3 Kf6 28.
Rb2 Ke5 29. c4 Rc7 30. Rbc2 Rdc8 31. Kd3 f5 32. cxb5 Rxc2 33. Rxc2 Rd8+ 34. Ke3 axb5 35. Rc5+ Rd5 36. Rxd5+ Kxd5 37. a3 e5 38. Kd3 Kc5 39.
Ke3 Kd5 40. Kd3 Kc5 41. a4 bxa4 42. bxa4 Kb4 43. a5 Kxa5 44. Kc4 f4 45. Kd5 Kb4 46.
Kxe5 f3 47. Kd4 Kb3 48. Kd3 Kb2 49. Kd2 Kb1 50. Kd1 Kb2 51. Kd2 Kb1 52. Kd1 Kb2 53.
Kd2 1/2-1/2